 Dungeon Sprint DCSS version 0.25-a0-42-g6c54e25 (webtiles) character file.

Game seed: 16979097267107646587, levelgen mode: deterministic

6236650 schets the Force of Nature (level 27, 273/273 HPs)
             Began as a Demonspawn Monk on Oct 22, 2019.
             Was the Champion of Fedhas.
             Escaped with the Orb!
             The game lasted 01:18:15 (7781 turns).

schets the Force of Nature (Demonspawn Monk)        Turns: 7781, Time: 01:18:16

Health: 273/273    AC: 49    Str: 29    XL:     27
Magic:  53/53      EV: 30    Int: 21    God:    Fedhas [******]
Gold:   12823      SH: 28    Dex: 25    Spells: 64/79 levels left

rFire    + + +     SeeInvis .     - Unarmed
rCold    + + .     Gourm    .   a - +0 large shield of Bafeadye {Str+4 Dex+5 Stlth-}
rNeg     . . .     Faith    .   b - +12 gold dragon scales
rPois    +         Spirit   +   F - +2 helmet of Light {rPois Regen+ Str-2 Int+4}
rElec    .         Reflect  .   (no cloak)
rCorr    .         Harm     .   (gloves unavailable)
MR       ++...     NoTele   +   q - +0 pair of boots of the Griffon {Str+3 Int+4}
Stlth    ..........             l - amulet "Rafubboq" {RegenMP rPois rF+}
HPRegen  0.95/turn              I - ring "Hutuh" {rF+ Str+3 Dex+4}
MPRegen  0.91/turn              E - ring "Paur" {+Inv EV+3}

@: studying Transmutations
A: claws 3, slimy green scales 3, cold resistance 1, demonic guardian 3,
deterioration 2, passive freeze, robust 1, weak 1, magic shield, magic
regeneration, magic link, freezing cloud immunity
0: Orb of Zot
}: 10/15 runes: decaying, slimy, silver, golden, iron, icy, demonic, fiery,
gossamer, mossy
a: Wall of Briars, Grow Ballistomycete, Overgrow, Grow Oklob, Renounce Religion,
Evoke Invisibility


You escaped.
You worshipped Fedhas.
Fedhas was exalted by your worship.
You were not hungry.

You visited 1 branch You collected 45250 gold pieces.
You spent 32427 gold pieces at shops.

Inventory:

Armour
 a - the +0 large shield of Bafeadye (worn) {Str+4 Dex+5 Stlth-}
   (You bought it in a shop in the Dungeon)

   It affects your strength (+4).
   It affects your dexterity (+5).
   It makes you less stealthy.
 b - +12 gold dragon scales (worn)
 q - the +0 pair of boots of the Griffon (worn) {Str+3 Int+4}
   (You bought it in a shop in the Dungeon)

   It affects your strength (+3).
   It affects your intelligence (+4).
 u - a +0 leather armour
 v - the +2 pair of boots of Ecax {Dex+4}
   (You bought it in a shop in the Dungeon)

   It affects your dexterity (+4).
 F - the +2 helmet of Light (worn) {rPois Regen+ Str-2 Int+4}
   (You bought it in a shop in the Dungeon)

   It affects your strength (-2).
   It affects your intelligence (+4).
   It protects you from poison.
   It increases your rate of regeneration.
 S - the +3 leather armour of Disappointment {rElec Str+2}
   (You bought it in a shop in the Dungeon)

   It affects your strength (+2).
   It insulates you from electricity.
 T - the cursed +0 buckler of Kesoopuc {rPois rF+ Int+3}
   (You bought it in a shop in the Dungeon)

   It affects your intelligence (+3).
   It protects you from fire.
   It protects you from poison.
   It has a curse placed upon it.
Magical Staves
 m - an uncursed staff of summoning
Jewellery
 l - the amulet "Rafubboq" (around neck) {RegenMP rPois rF+}
   (You bought it in a shop in the Dungeon)

   [amulet of magic regeneration]

   It increases your magic regeneration.
   It protects you from fire.
   It protects you from poison.
 n - the amulet of Fixation {RegenMP Dex+5}
   (You bought it in a shop in the Dungeon)

   [amulet of magic regeneration]

   It increases your magic regeneration.
   It affects your dexterity (+5).
 p - the ring "Xocijimu" {rC+ rCorr}
   (You bought it in a shop in the Dungeon)

   [ring of resist corrosion]

   It protects you from cold.
   It provides partial protection from all sources of acid and corrosion.
 r - the ring "Afoips" {AC-2 SInv}
   (You bought it in a shop in the Dungeon)

   [ring of protection]

   It affects your AC (-2).
   It lets you see invisible.
 w - the amulet "Qein" {Inacc rF+}
   (You bought it in a shop in the Dungeon)

   [amulet of inaccuracy]

   It reduces the accuracy of all your attacks.
   It protects you from fire.
 x - the ring of Vibreng {Ice rN+ Int+7 Dex-5}
   (You bought it in a shop in the Dungeon)

   [ring of ice]

   It enhances your ice magic.
   It affects your intelligence (+7).
   It affects your dexterity (-5).
   It makes you vulnerable to fire.
   It protects you from cold.
   It protects you from negative energy.
 y - the ring of Feasoal {MR+ Int+5 Stlth+}
   (You bought it in a shop in the Dungeon)

   [ring of protection from magic]

   It affects your intelligence (+5).
   It affects your resistance to hostile enchantments.
   It makes you more stealthy.
 z - the ring of the Wary Friends {rPois Str+4}
   (You bought it in a shop in the Dungeon)

   [ring of poison resistance]

   It affects your strength (+4).
   It protects you from poison.
 A - the amulet "Zegez" {Inacc Int+6}
   (You bought it in a shop in the Dungeon)

   [amulet of inaccuracy]

   It reduces the accuracy of all your attacks.
   It affects your intelligence (+6).
 B - the ring of Fiococli {rPois rF- MP+9 Str+3 Dex+3}
   (You bought it in a shop in the Dungeon)

   [ring of magical power]

   It affects your strength (+3).
   It affects your dexterity (+3).
   It makes you vulnerable to fire.
   It protects you from poison.
   It affects your magic capacity (+9).
 C - the ring "Beuk" {+Fly Str+3 Int+2 Dex+4}
   (You bought it in a shop in the Dungeon)

   [ring of flight]

   It affects your strength (+3).
   It affects your intelligence (+2).
   It affects your dexterity (+4).
   It lets you fly.
 D - the ring of Noehis {rN+ MR- AC+5 Int+4}
   (You bought it in a shop in the Dungeon)

   [ring of protection]

   It affects your AC (+5).
   It affects your intelligence (+4).
   It protects you from negative energy.
   It affects your resistance to hostile enchantments.
 E - the ring "Paur" (right claw) {+Inv EV+3}
   (You bought it in a shop in the Dungeon)

   [ring of evasion]

   It affects your evasion (+3).
   It lets you turn invisible.
 G - the ring "Tiozisy" {Int+4 Dex+5}
   (You bought it in a shop in the Dungeon)

   [ring of intelligence]

   It affects your intelligence (+4).
   It affects your dexterity (+5).
 H - the ring of Jetiej Bump {rElec rN+ Str-5 Int+6 Stlth+}
   (You bought it in a shop in the Dungeon)

   [ring of positive energy]

   It affects your strength (-5).
   It affects your intelligence (+6).
   It insulates you from electricity.
   It protects you from negative energy.
   It makes you more stealthy.
 I - the ring "Hutuh" (left claw) {rF+ Str+3 Dex+4}
   (You bought it in a shop in the Dungeon)

   [ring of protection from fire]

   It affects your strength (+3).
   It affects your dexterity (+4).
   It protects you from fire.
Wands
 c - a wand of acid (5)
 j - a wand of iceblast (1)
 L - a wand of clouds (4)
Scrolls
 h - 14 scrolls of blinking
 k - 20 scrolls of fog
 s - 4 scrolls of enchant armour
 t - 3 scrolls of identify
 Q - 30 scrolls of remove curse
 R - 5 scrolls of silence
Potions
 e - 20 potions of haste
 f - 24 potions of magic
 g - 21 potions of berserk rage
 J - 13 potions of curing
 K - 24 potions of resistance
 M - 7 potions of mutation
 N - 12 potions of brilliance
 O - 12 potions of might
 P - 12 potions of agility
 Z - 3 potions of experience
Books
 Y - a manual of Transmutations
Miscellaneous
 d - a lamp of fire
 U - a crystal ball of energy
Comestibles
 o - 45 rations


   Skills:
 O Level 27 Fighting
 O Level 27 Armour
 + Level 25.3 Dodging
 - Level 1.7 Stealth
 + Level 26.0 Shields
 O Level 27 Unarmed Combat
 + Level 26.6 Spellcasting
 O Level 27 Summonings
 - Level 15.0 Translocations
 O Level 27 Invocations
 - Level 21.4 Evocations


You had 64 spell levels left.
You knew the following spells:

 Your Spells              Type           Power        Failure   Level  Hunger
a - Malign Gateway        Summ/Tloc      #######...   1%          7    ####...
b - Summon Horrible Thin  Summ           #######...   1%          8    #####..

Your spell library contained the following spells:

 Spells                   Type           Power        Failure   Level  Hunger
 Monstrous Menagerie      Summ           #######...   1%          7    ####...
 Summon Greater Demon     Summ           #######...   1%          7    ####...


Dungeon Overview and Level Annotations

Branches:
Dungeon (1/1)

Altars:
Cheibriados
Dithmenos
Fedhas
Gozag
Kikubaaqudgha
Makhleb
Okawaru
Qazlal
Ru
Sif Muna
Trog
Uskayaw
Vehumet
Wu Jian
Xom
Yredelemnul
Zin
The Shining One
Beogh
Jiyva
Lugonu

Shops:
D [??*?*:[((


Innate Abilities, Weirdness & Mutations

You have claws for hands.
You are completely covered in slimy green scales. (AC +4, rPois)
Your flesh is cold resistant. (rC+)
A powerful demonic guardian rushes to your aid.
A frigid envelope surrounds you and freezes all who hurt you.
When hurt, damage is shared between your health and your magic reserves.
You regenerate magic rapidly.
When low on magic, you restore magic in place of health.
You are immune to freezing clouds.
Your body often deteriorates upon taking damage.
You are robust. (+10% HP)
You are weak. (Str -2)


Message History

You feel yourself slow down.
You start resting.
You start resting.
You start resting.
You start resting.
You start resting.
You start resting.
You start resting.
Your magical contamination has completely faded away.
You start resting.
You start resting.
There is a staircase leading out of the dungeon here.
You see here the Orb of Zot.
You start resting.
You start resting.
HP restored.
You pick up the Orb of Zot!
The Orb lets out a hideous shriek!
The lords of Pandemonium are not amused.
Beware!
Now all you have to do is get back out of the dungeon!
You have escaped!

#_....÷.._# ###.[[[.[.[.###
#⌠...))[.[)..⌠#
######.8[[[.[.())8[######
##&___.(.(()..#....).___∩##
###".)).[.)(8.....8)(......∩###
##.§..[..[)[.......[.[[..○☼)[..##
#⌠.....).[...##..[#.....v☼v....⌠#
#⌠....[.[.....#.@..#.).[○v○[...⌠#
#⌠......).[.#.....#.....☼°v....⌠#
##....)...)).........[..○☼v....##
###∩=.......8.....8.....○v.∩###
##∩_...[[[..#...[.[.._○v∩##
####...8[.......)8)######
▓▓#[....[......[# ###.....[...###
#_......._#


There were no monsters in sight!

Vanquished Creatures
  An ancient lich (D)
  Khufu (D)
  Ignacio (D)
  Dispater (D)
  14 acid blobs (D)
  An orb of fire (D)
  2 Killer Klowns (D)
  6 greater mummies (D)
  Agnes (D)
  7 Brimstone Fiends (D)
  A Tzitzimitl (D)
  7 Ice Fiends (D)
  7 tentacled monstrosities (D)
  2 liches (D)
  5 Orb Guardians (D)
  18 Hell Sentinels (D)
  A titan (D)
  A quicksilver dragon (D)
  5 Executioners (D)
  An eldritch tentacle (D)
  A shadow dragon (D)
  Frances (D)
  2 storm dragons (D)
  4 azure jellies (D)
  An iron dragon (D)
  A fire giant (D)
  3 cacodemons (D)
  6 ghost moths (D)
  A spriggan defender (D)
  A stone giant (D)
  4 lorocyprocas (D)
  2 blizzard demons (D)
  A jumping spider (D)
  A yaktaur captain (D)
  2 mummy priests (D)
  6 vault guards (D)
  4 spriggan air magi (D)
  An ice dragon (D)
  3 iron elementals (D)
  A two-headed ogre (D)
  A queen ant (D)
  3 hell hogs (D)
  2 iron golems (D)
  2 iron trolls (D)
  3 sun demons (D)
  A spriggan berserker (D)
  4 shadow wraiths (D)
  A hell knight (D)
  A spriggan druid (D)
  2 death drakes (D)
  6 unseen horrors (D)
  A harpy (D)
  2 ugly things (D)
  2 shining eyes (D)
  A moth of wrath (D)
  3 rust devils (D)
  2 smoke demons (D)
  3 orange demons (D)
  5 hellions (D)
  2 ice devils (D)
  2 hellwings (D)
  A guardian mummy (D)
  A wind drake (D)
  3 slime creatures (D)
  3 air elementals (D)
  2 ynoxinuls (D)
  A redback (D)
  A shadow (D)
  3 neqoxecs (D)
  An insubstantial wisp (D)
  A hell hound (D)
  A floating eye (D)
  A sky beast (D)
  An orc warrior (D)
  An eye of draining (D)
  A boggart (D)
  3 earth elementals (D)
  A bullfrog (D)
  3 vampire bats (D)
  2 crimson imps (D)
  4 worker ants (D)
  Terence (D)
  4 mummies (D)
  An adder (D)
  A shadow imp (D)
  An adder zombie (D)
  A leopard gecko (D)
  An orc (D)
  A bat zombie (D)
  A ball python skeleton (D)
  A frilled lizard (D)
  A kobold (D)
  A quokka skeleton (D)
  48 ballistomycete spores (D)
  A briar patch (D)
277 creatures vanquished.

Vanquished Creatures (collateral kills)
  Cerebov (D)
  Antaeus (D)
  An orb of fire (D)
  11 greater mummies (D)
  A Killer Klown (D)
  6 Brimstone Fiends (D)
  A Tzitzimitl (D)
  3 Ice Fiends (D)
  7 Hell Sentinels (D)
  11 tentacled monstrosities (D)
  4 hellephants (D)
  4 Orb Guardians (D)
  A titan (D)
  4 quicksilver dragons (D)
  An acid blob (D)
  9 Executioners (D)
  A shadow dragon (D)
  2 storm dragons (D)
  2 fire giants (D)
  4 balrugs (D)
  3 cacodemons (D)
  2 spriggan defenders (D)
  A stone giant (D)
  A white draconian (D)
  A green death (D)
  2 blizzard demons (D)
  13 mummy priests (D)
  7 vault guards (D)
  A wizard (D)
  A hell beast (D)
  3 spriggan air magi (D)
  4 iron elementals (D)
  8 two-headed ogres (D)
  3 ogre magi (D)
  3 hell hogs (D)
  3 spriggan berserkers (D)
  2 hell knights (D)
  7 sun demons (D)
  2 iron trolls (D)
  8 death drakes (D)
  A sixfirhy (D)
  2 spriggan druids (D)
  2 harpies (D)
  A deep elf mage (D)
  3 orb spiders (D)
  An ugly thing (D)
  12 shining eyes (D)
  2 wolf spiders (D)
  2 moths of wrath (D)
  A rust devil (D)
  An orange demon (D)
  A smoke demon (D)
  A spiny frog (D)
  A kobold demonologist (D)
  A freezing wraith (D)
  8 hellions (D)
  5 ice devils (D)
  9 guardian mummies (D)
  3 jumping spiders (D)
  2 red devils (D)
  2 hellwings (D)
  6 hornets (D)
  2 blink frogs (D)
  A redback (D)
  5 spriggans (D)
  A ynoxinul (D)
  4 air elementals (D)
  A wraith (D)
  9 hungry ghosts (D)
  A vampire mosquito (D)
  3 chaos spawn (D)
  An insubstantial wisp (D)
  3 hell hounds (D)
  2 sky beasts (D)
  An orc warrior (D)
  3 ogres (D)
  4 bullfrogs (D)
  3 vampire bats (D)
  A worker ant (D)
  A white imp (D)
  An adder skeleton (D)
  A ball lightning (D)
  A bat skeleton (D)
  179 ballistomycete spores (D)
445 creatures vanquished.

Vanquished Creatures (others)
  2 burning bushes (D)
  18 oklob plants (D)
  3 ballistomycetes (D)
  3 eldritch tentacles (D)
  A hell hound (D)
  4 ball lightnings (D)
  21 ballistomycete spores (D)
  4 briar patches (D)
  A fire vortex (D)
57 creatures vanquished.

Grand Total: 779 creatures vanquished

Notes
Turn   | Place    | Note
-------+----------+-------------------------------------------
     0 | D        | schets the Demonspawn Monk began the quest for the Orb.
     0 | D        | Reached XP level 1. HP: 18/18 MP: 1/1
     1 | D        | Found a hide-covered altar of Uskayaw.
     2 | D        | Found a snail-covered altar of Cheibriados.
     3 | D        | Found a shimmering altar of Xom.
     3 | D        | Found a basalt altar of Yredelemnul.
     4 | D        | Found Fokoeci's Identification Station.
     4 | D        | Found a blossoming altar of Fedhas.
     4 | D        | Found an ancient bone altar of Kikubaaqudgha.
     4 | D        | Found Ittuagef's Delicious Food.
     5 | D        | Found Hejaig's Advanced Armour.
     5 | D        | Found Naeri's Jewellery.
     5 | D        | Round 1.
     7 | D        | Found an opulent altar of Gozag.
     7 | D        | Noticed Terence
     8 | D        | Found an iron altar of Okawaru.
    11 | D        | Became a worshipper of Fedhas Madash
    11 | D        | Reached * piety under Fedhas
    11 | D        | Reached ** piety under Fedhas
    14 | D        | Killed Terence
    14 | D        | Reached skill level 1 in Armour
    14 | D        | Gained mutation: A weak demonic guardian rushes to your
                  | aid. [demonic ancestry]
    14 | D        | Reached XP level 2. HP: 17/25 MP: 1/4
    19 | D        | Found a sacrificial altar of Ru.
    19 | D        | Found Natsual's Magic Scroll Shop.
    21 | D        | Found a corrupted altar of Lugonu.
    21 | D        | Found a burning altar of Makhleb.
    21 | D        | Found a glowing golden altar of the Shining One.
    21 | D        | Found Peod Loi's Staff Store.
    22 | D        | Found Soem's Magic Scroll Shop.
    22 | D        | Found Paynergh's Must-Have Magic.
    63 | D        | Bought a faintly glowing iron amulet for 45 gold pieces
    70 | D        | Bought 3 scrolls of identify for 150 gold pieces
    72 | D        | Reached *** piety under Fedhas
    79 | D        | Identified the amulet of Fixation {RegenMP Dex+5} (You
                  | bought it in a shop in the Dungeon)
    85 | D        | Found a glowing silver altar of Zin.
    86 | D        | Found Aseuv's Premium Goods.
    87 | D        | Found a viscous altar of Jiyva.
    87 | D        | Found a shadowy altar of Dithmenos.
    87 | D        | Found a stormy altar of Qazlal.
    87 | D        | Found Xahuc's Weapon Rack.
    87 | D        | Found Oruhiemp's Miscellaneous Merchandise.
    87 | D        | Found Tiocav's Basic Armour.
    91 | D        | Found an ornate altar of the Wu Jian Council.
    92 | D        | Found a shimmering blue altar of Sif Muna.
    94 | D        | Found Xuecw's Do-It-Yourself Clinic.
    95 | D        | Found Vetiroih's Bottled Wisdom.
    95 | D        | Found Xetwuffa's Distillery.
    95 | D        | Found a bloodstained altar of Trog.
    95 | D        | Found a radiant altar of Vehumet.
    95 | D        | Found a roughly hewn altar of Beogh.
    95 | D        | Found Hyseufoux's Distillery.
   118 | D        | Arena points: 14 (+14) [x2]
   183 | D        | Round 2.
   192 | D        | Noticed a queen ant
   198 | D        | Reached skill level 5 in Invocations
   198 | D        | Gained mutation: You are partially covered in slimy green
                  | scales. (AC +2) [demonic ancestry]
   198 | D        | Reached XP level 3. HP: 30/30 MP: 2/6
   210 | D        | Gained mutation: When hurt, damage is shared between your
                  | health and your magic reserves. [demonic ancestry]
   210 | D        | Reached XP level 4. HP: 33/38 MP: 6/8
   217 | D        | Reached **** piety under Fedhas
   230 | D        | Killed a queen ant
   230 | D        | Reached skill level 5 in Armour
   230 | D        | Reached XP level 5. HP: 35/48 MP: 7/13
   230 | D        | Gained mutation: You have sharp fingernails. [demonic
                  | ancestry]
   230 | D        | Reached XP level 6. HP: 40/55 MP: 7/14
   230 | D        | Reached XP level 7. HP: 44/60 MP: 7/15
   248 | D        | Arena points: 56 (+42) [x3]
   302 | D        | Round 3.
   312 | D        | Reached ***** piety under Fedhas
   407 | D        | Arena points: 140 (+84) [x4]
   431 | D        | Bought a coiled lapis lazuli ring for 45 gold pieces
   431 | D        | Bought a clouded crystal amulet for 45 gold pieces
   431 | D        | Bought a bound iron ring for 45 gold pieces
   431 | D        | Identified the ring "Xocijimu" {rC+ rCorr} (You bought it
                  | in a shop in the Dungeon)
   432 | D        | Identified the amulet "Geogun" {Harm *Drain rF+ Dex+4} (You
                  | bought it in a shop in the Dungeon)
   435 | D        | Identified the cursed ring "Afoips" {AC-2 SInv} (You bought
                  | it in a shop in the Dungeon)
   459 | D        | Round 4.
   513 | D        | Noticed a blink frog
   513 | D        | Noticed a blink frog
   518 | D        | Killed a blink frog
   518 | D        | Gained mutation: A demonic guardian rushes to your aid.
                  | [demonic ancestry]
   518 | D        | Reached XP level 8. HP: 59/68 MP: 14/17
   522 | D        | Killed a blink frog
   574 | D        | Noticed a spiny frog
   582 | D        | Killed a spiny frog
   582 | D        | Arena points: 300 (+160) [x5]
   658 | D        | Round 5.
   672 | D        | Noticed a witch
   674 | D        | Noticed a four-headed hydra
   677 | D        | Noticed a four-headed hydra
   683 | D        | Noticed a four-headed hydra
   698 | D        | Noticed a seven-headed hydra
   708 | D        | Killed a witch
   708 | D        | Arena points: 580 (+280) [x7]
   709 | D        | Got a decaying rune of Zot
   716 | D        | Reached skill level 15 in Invocations
   716 | D        | Gained mutation: Your flesh is cold resistant. (rC+)
                  | [demonic ancestry]
   716 | D        | Reached XP level 9. HP: 30/77 MP: 11/20
   722 | D        | Bought a scorched large shield for 332 gold pieces
   727 | D        | Identified the +0 large shield of Bafeadye {Str+4 Dex+5
                  | Stlth-} (You bought it in a shop in the Dungeon)
   885 | D        | Round 6.
   898 | D        | Noticed a jumping spider
   902 | D        | Killed a jumping spider
   902 | D        | Reached skill level 1 in Shields
   909 | D        | Noticed a wolf spider
   912 | D        | Killed a wolf spider
   912 | D        | Gained mutation: You are mostly covered in slimy green
                  | scales. (AC +3) [demonic ancestry]
   912 | D        | Reached XP level 10. HP: 74/85 MP: 11/21
   915 | D        | Bought 2 rations for 40 gold pieces
   925 | D        | Noticed an orb spider
   933 | D        | Killed an orb spider
   933 | D        | Reached skill level 10 in Fighting
   987 | D        | Noticed an orb spider
   989 | D        | Killed an orb spider
  1005 | D        | Arena points: 964 (+384) [x8]
  1020 | D        | Bought a pair of encrusted boots for 332 gold pieces
  1025 | D        | Identified the cursed +0 pair of boots of the Griffon
                  | {Str+3 Int+4} (You bought it in a shop in the Dungeon)
  1076 | D        | Round 7.
  1094 | D        | Reached ****** piety under Fedhas
  1193 | D        | Arena points: 1531 (+567) [x9]
  1247 | D        | Round 8.
  1254 | D        | Noticed an ogre mage
  1260 | D        | Killed an ogre mage
  1298 | D        | Reached skill level 5 in Shields
  1301 | D        | Noticed a two-headed ogre
  1306 | D        | Killed a two-headed ogre
  1324 | D        | Killed an ogre mage
  1331 | D        | Noticed a two-headed ogre
  1334 | D        | Killed a two-headed ogre
  1343 | D        | Noticed an ogre mage
  1343 | D        | Killed an ogre mage
  1345 | D        | Arena points: 2251 (+720) [x10]
  1425 | D        | Round 9.
  1569 | D        | Arena points: 3142 (+891) [x11]
  1588 | D        | Bought +0 gold dragon scales for 960 gold pieces
  1599 | D        | Round 10.
  1608 | D        | Noticed an orb spider
  1623 | D        | Killed an orb spider
  1623 | D        | Reached XP level 11. HP: 44/95 MP: 6/23
  1642 | D        | Noticed a wolf spider
  1650 | D        | Killed a wolf spider
  1671 | D        | Arena points: 4312 (+1170) [x13]
  1671 | D        | Reached skill level 10 in Dodging
  1671 | D        | Reached skill level 10 in Unarmed Combat
  1672 | D        | Got a gossamer rune of Zot
  1842 | D        | Round 11.
  1844 | D        | Bought 3 scrolls of identify for 150 gold pieces
  1845 | D        | Bought a pair of crude gloves for 332 gold pieces
  1845 | D        | Bought a heavily runed hat for 315 gold pieces
  1850 | D        | Identified the +1 pair of gloves "Syena" {rF+ Int+3 Dex+4
                  | Stlth+} (You bought it in a shop in the Dungeon)
  1855 | D        | Identified the +2 hat "Somagh" {rPois rF- Slay+3} (You
                  | bought it in a shop in the Dungeon)
  1866 | D        | Noticed a two-headed ogre
  1867 | D        | Noticed a two-headed ogre
  1874 | D        | Killed a two-headed ogre
  1877 | D        | Killed a two-headed ogre
  1923 | D        | Noticed a two-headed ogre
  1929 | D        | Killed a two-headed ogre
  1932 | D        | Killed a two-headed ogre
  1935 | D        | Noticed a two-headed ogre
  1935 | D        | Noticed a two-headed ogre
  1935 | D        | Killed a two-headed ogre
  1935 | D        | Reached skill level 10 in Armour
  1939 | D        | Killed a two-headed ogre
  1941 | D        | Killed a two-headed ogre
  1958 | D        | Arena points: 5852 (+1540) [x14]
  2028 | D        | Round 12.
  2041 | D        | Noticed a harpy
  2050 | D        | Killed a harpy
  2052 | D        | Noticed a harpy
  2057 | D        | Killed a harpy
  2112 | D        | Noticed a harpy
  2118 | D        | Killed a harpy
  2143 | D        | Arena points: 8192 (+2340) [x15]
  2160 | D        | Bought a coiled brass amulet for 45 gold pieces
  2160 | D        | Bought a vibrating golden ring for 45 gold pieces
  2160 | D        | Bought a slimy tin ring for 45 gold pieces
  2160 | D        | Bought a steaming brass ring for 45 gold pieces
  2160 | D        | Bought a warped graven amulet for 45 gold pieces
  2160 | D        | Bought a fine amber ring for 45 gold pieces
  2160 | D        | Bought a smoking golden ring for 45 gold pieces
  2160 | D        | Bought a vibrating golden ring for 45 gold pieces
  2160 | D        | Bought a clouded golden ring for 45 gold pieces
  2160 | D        | Bought a shimmering iron ring for 45 gold pieces
  2160 | D        | Bought a warped lead ring for 45 gold pieces
  2160 | D        | Bought a vibrating wooden ring for 45 gold pieces
  2160 | D        | Bought a translucent amber ring for 45 gold pieces
  2167 | D        | Bought 3 scrolls of identify for 150 gold pieces
  2167 | D        | Bought 3 scrolls of identify for 150 gold pieces
  2167 | D        | Bought 3 scrolls of identify for 150 gold pieces
  2167 | D        | Bought 3 scrolls of identify for 150 gold pieces
  2167 | D        | Identified the amulet "Qein" {Inacc rF+} (You bought it in
                  | a shop in the Dungeon)
  2168 | D        | Identified the ring of Vibreng {Ice rN+ Int+7 Dex-5} (You
                  | bought it in a shop in the Dungeon)
  2169 | D        | Identified the ring of Feasoal {MR+ Int+5 Stlth+} (You
                  | bought it in a shop in the Dungeon)
  2170 | D        | Identified the ring of the Wary Friends {rPois Str+4} (You
                  | bought it in a shop in the Dungeon)
  2171 | D        | Identified the amulet "Zegez" {Inacc Int+6} (You bought it
                  | in a shop in the Dungeon)
  2172 | D        | Identified the ring of Fiococli {rPois rF- MP+9 Str+3
                  | Dex+3} (You bought it in a shop in the Dungeon)
  2173 | D        | Identified the ring "Beuk" {+Fly Str+3 Int+2 Dex+4} (You
                  | bought it in a shop in the Dungeon)
  2174 | D        | Identified the ring of Noehis {rN+ MR- AC+5 Int+4} (You
                  | bought it in a shop in the Dungeon)
  2175 | D        | Identified the ring "Paur" {+Inv EV+3} (You bought it in a
                  | shop in the Dungeon)
  2176 | D        | Identified the cursed ring "Ashrydghi" {-Tele *Slow rC+++
                  | Str+4 Dex-2} (You bought it in a shop in the Dungeon)
  2177 | D        | Identified the ring "Tiozisy" {Int+4 Dex+5} (You bought it
                  | in a shop in the Dungeon)
  2178 | D        | Identified the ring of Jetiej Bump {rElec rN+ Str-5 Int+6
                  | Stlth+} (You bought it in a shop in the Dungeon)
  2179 | D        | Identified the ring "Hutuh" {rF+ Str+3 Dex+4} (You bought
                  | it in a shop in the Dungeon)
  2216 | D        | Round 13.
  2289 | D        | Killed a storm dragon
  2289 | D        | Reached skill level 10 in Shields
  2315 | D        | Arena points: 10480 (+2288) [x16]
  2335 | D        | Bought 2 rations for 40 gold pieces
  2335 | D        | Bought 2 rations for 40 gold pieces
  2392 | D        | Round 14.
  2422 | D        | Noticed a sun demon
  2426 | D        | Killed a sun demon
  2434 | D        | Gained mutation: You have very sharp fingernails. [demonic
                  | ancestry]
  2434 | D        | Reached XP level 12. HP: 107/107 MP: 23/25
  2442 | D        | Killed Frances
  2486 | D        | Arena points: 14050 (+3570) [x17]
  2493 | D        | Reached XP level 13. HP: 114/114 MP: 27/27
  2557 | D        | Round 15.
  2560 | D        | Noticed Agnes
  2574 | D        | Killed Agnes
  2574 | D        | Arena points: 17185 (+3135) [x19]
  2575 | D        | Got a mossy rune of Zot
  2580 | D        | Gained mutation: You are immune to freezing clouds.
                  | [demonic ancestry]
  2580 | D        | Reached XP level 14. HP: 121/121 MP: 25/28
  2611 | D        | Bought a scorched cloak for 332 gold pieces
  2611 | D        | Bought a pitted cloak for 332 gold pieces
  2611 | D        | Bought a pair of encrusted boots for 332 gold pieces
  2611 | D        | Identified the +3 cloak "Biagruont" {MR+ MP-9 Int+2} (You
                  | bought it in a shop in the Dungeon)
  2612 | D        | Identified the +1 cloak "Koisav" {Int+3} (You bought it in
                  | a shop in the Dungeon)
  2614 | D        | Bought 3 scrolls of identify for 150 gold pieces
  2615 | D        | Identified the +2 pair of boots of Ecax {Dex+4} (You bought
                  | it in a shop in the Dungeon)
  2616 | D        | Bought a fine helmet for 332 gold pieces
  2616 | D        | Identified the +2 helmet of Light {rPois Regen+ Str-2
                  | Int+4} (You bought it in a shop in the Dungeon)
  2653 | D        | Bought 3 scrolls of fog for 60 gold pieces
  2653 | D        | Bought 3 scrolls of blinking for 225 gold pieces
  2740 | D        | Round 16.
  2745 | D        | Gained mutation: Your magical capacity is low. (-10% MP) [a
                  | shining eye]
  2789 | D        | Reached skill level 15 in Fighting
  2860 | D        | Arena points: 21985 (+4800) [x20]
  2876 | D        | Bought 4 potions of curing for 84 gold pieces
  2876 | D        | Bought 4 potions of curing for 84 gold pieces
  2878 | D        | Bought a potion of experience for 300 gold pieces
  2878 | D        | Bought a potion of experience for 300 gold pieces
  2878 | D        | Gained mutation: You have claws for hands. [demonic
                  | ancestry]
  2878 | D        | Reached XP level 15. HP: 129/129 MP: 26/26
  2879 | D        | Gained mutation: A frigid envelope surrounds you and
                  | freezes all who hurt you. [demonic ancestry]
  2879 | D        | Reached XP level 16. HP: 136/136 MP: 27/27
  2919 | D        | Round 17.
  2942 | D        | Gained mutation: Your body sometimes deteriorates upon
                  | taking damage. [a neqoxec]
  2983 | D        | Arena points: 27697 (+5712) [x21]
  3018 | D        | Round 18.
  3164 | D        | Arena points: 33241 (+5544) [x22]
  3180 | D        | Bought 3 potions of haste for 210 gold pieces
  3217 | D        | Round 19.
  3261 | D        | Reached skill level 15 in Unarmed Combat
  3271 | D        | Arena points: 40670 (+7429) [x23]
  3319 | D        | Round 20.
  3323 | D        | Noticed a sulfuric acid blob
  3331 | D        | Noticed an acid blob
  3344 | D        | Killed a sulfuric acid blob
  3344 | D        | Arena points: 46670 (+6000) [x25]
  3344 | D        | Reached skill level 15 in Shields
  3347 | D        | Got a slimy rune of Zot
  3348 | D        | Gained mutation: You are completely covered in slimy green
                  | scales. (AC +4, rPois) [demonic ancestry]
  3348 | D        | Reached XP level 17. HP: 116/146 MP: 15/28
  3365 | D        | Bought 4 scrolls of enchant armour for 300 gold pieces
  3365 | D        | Bought 4 scrolls of enchant armour for 300 gold pieces
  3367 | D        | Bought 4 scrolls of enchant armour for 300 gold pieces
  3367 | D        | Bought 4 scrolls of enchant armour for 300 gold pieces
  3448 | D        | Bought 3 potions of experience for 900 gold pieces
  3448 | D        | Bought 3 potions of experience for 900 gold pieces
  3448 | D        | Bought 2 potions of experience for 600 gold pieces
  3448 | D        | Reached XP level 18. HP: 153/153 MP: 28/29
  3450 | D        | Gained mutation: You regenerate magic rapidly. [demonic
                  | ancestry]
  3450 | D        | Reached XP level 19. HP: 159/159 MP: 30/30
  3451 | D        | Gained mutation: When low on magic, you restore magic in
                  | place of health. [demonic ancestry]
  3451 | D        | Reached XP level 20. HP: 167/167 MP: 31/31
  3452 | D        | Reached XP level 21. HP: 173/173 MP: 32/32
  3453 | D        | Reached XP level 22. HP: 180/180 MP: 33/33
  3454 | D        | Reached XP level 23. HP: 187/187 MP: 34/34
  3455 | D        | Reached XP level 24. HP: 195/195 MP: 34/34
  3456 | D        | Gained mutation: A powerful demonic guardian rushes to your
                  | aid. [demonic ancestry]
  3456 | D        | Reached XP level 25. HP: 201/201 MP: 34/34
  3524 | D        | Round 21.
  3638 | D        | Arena points: 55952 (+9282) [x26]
  3645 | D        | Bought 3 potions of heal wounds for 105 gold pieces
  3645 | D        | Bought 3 potions of heal wounds for 105 gold pieces
  3645 | D        | Bought 3 potions of heal wounds for 105 gold pieces
  3645 | D        | Bought 3 potions of heal wounds for 105 gold pieces
  3645 | D        | Bought 3 potions of heal wounds for 105 gold pieces
  3645 | D        | Bought 3 potions of heal wounds for 105 gold pieces
  3645 | D        | Bought 3 potions of heal wounds for 105 gold pieces
  3654 | D        | Bought 4 potions of haste for 280 gold pieces
  3696 | D        | Round 22.
  3737 | D        | Reached skill level 15 in Dodging
  3756 | D        | Reached XP level 26. HP: 158/211 MP: 33/34
  3770 | D        | Reached skill level 15 in Armour
  3813 | D        | Arena points: 66644 (+10692) [x27]
  3874 | D        | Round 23.
  4010 | D        | Arena points: 78880 (+12236) [x28]
  4066 | D        | Round 24.
  4193 | D        | Arena points: 90016 (+11136) [x29]
  4201 | D        | Upgraded the game from 0.25-a0-41-g6cf4ce5 to
                  | 0.25-a0-42-g6c54e25
  4265 | D        | Round 25.
  4266 | D        | Noticed Mara
  4285 | D        | Noticed schets's illusion
  4285 | D        | Arena points: 100866 (+10850) [x31]
  4288 | D        | Got a silver rune of Zot
  4289 | D        | Reached XP level 27. HP: 219/224 MP: 35/35
  4311 | D        | Bought 4 potions of curing for 84 gold pieces
  4311 | D        | Bought 4 potions of curing for 84 gold pieces
  4311 | D        | Bought 4 potions of curing for 84 gold pieces
  4311 | D        | Bought 3 potions of heal wounds for 105 gold pieces
  4311 | D        | Bought 3 potions of heal wounds for 105 gold pieces
  4311 | D        | Bought 3 potions of heal wounds for 105 gold pieces
  4311 | D        | Bought 3 potions of heal wounds for 105 gold pieces
  4311 | D        | Bought 3 potions of heal wounds for 105 gold pieces
  4319 | D        | Bought a potion of magic for 56 gold pieces
  4319 | D        | Bought a potion of curing for 21 gold pieces
  4319 | D        | Bought 5 potions of berserk rage for 175 gold pieces
  4319 | D        | Bought 6 potions of magic for 336 gold pieces
  4319 | D        | Bought 6 potions of magic for 336 gold pieces
  4319 | D        | Bought 6 potions of resistance for 420 gold pieces
  4319 | D        | Bought 6 potions of resistance for 420 gold pieces
  4319 | D        | Bought 3 potions of mutation for 168 gold pieces
  4319 | D        | Bought 2 potions of mutation for 112 gold pieces
  4319 | D        | Bought a potion of mutation for 56 gold pieces
  4319 | D        | Bought 5 potions of haste for 350 gold pieces
  4319 | D        | Bought 5 potions of berserk rage for 175 gold pieces
  4319 | D        | Bought 6 potions of brilliance for 168 gold pieces
  4319 | D        | Bought 6 potions of might for 168 gold pieces
  4319 | D        | Bought 6 potions of agility for 168 gold pieces
  4334 | D        | Bought 15 scrolls of remove curse for 450 gold pieces
  4334 | D        | Bought 3 scrolls of silence for 225 gold pieces
  4334 | D        | Bought 4 scrolls of fog for 80 gold pieces
  4477 | D        | Round 26.
  4617 | D        | Arena points: 116674 (+15808) [x32]
  4654 | D        | Bought a polished leather armour for 245 gold pieces
  4654 | D        | Bought a fine buckler for 332 gold pieces
  4655 | D        | Bought 3 scrolls of identify for 150 gold pieces
  4655 | D        | Bought 3 scrolls of identify for 150 gold pieces
  4655 | D        | Identified the +3 leather armour of Disappointment {rElec
                  | Str+2} (You bought it in a shop in the Dungeon)
  4656 | D        | Identified the cursed +0 buckler of Kesoopuc {rPois rF+
                  | Int+3} (You bought it in a shop in the Dungeon)
  4680 | D        | Round 27.
  4695 | D        | Noticed an orb of fire
  4696 | D        | Gained mutation: You are dopey. (Int -2) [an orb of fire]
  4707 | D        | Killed an orb of fire
  4714 | D        | Reached skill level 27 in Invocations
  4722 | D        | Noticed an orb of fire
  4726 | D        | Gained mutation: You are weak. (Str -2) [an orb of fire]
  4731 | D        | Killed an orb of fire
  4736 | D        | Lost mutation: Your body sometimes deteriorates upon taking
                  | damage. [potion of mutation]
  4736 | D        | Lost mutation: Your magical capacity is low. (-10% MP)
                  | [potion of mutation]
  4736 | D        | Lost mutation: You are weak. (Str -2) [potion of mutation]
  4736 | D        | Gained mutation: Your body sometimes deteriorates upon
                  | taking damage. [potion of mutation]
  4736 | D        | Gained mutation: You are very dopey. (Int -4) [potion of
                  | mutation]
  4736 | D        | Gained mutation: You are robust. (+10% HP) [potion of
                  | mutation]
  4736 | D        | Lost mutation: You are very dopey. (Int -4) [potion of
                  | mutation]
  4767 | D        | Arena points: 131821 (+15147) [x33]
  4948 | D        | Round 28.
  5009 | D        | Bought 2 rations for 40 gold pieces
  5009 | D        | Bought 2 rations for 40 gold pieces
  5009 | D        | Bought 2 rations for 40 gold pieces
  5009 | D        | Bought 2 rations for 40 gold pieces
  5009 | D        | Bought 2 rations for 40 gold pieces
  5009 | D        | Bought 2 rations for 40 gold pieces
  5009 | D        | Bought 2 rations for 40 gold pieces
  5009 | D        | Bought 2 rations for 40 gold pieces
  5009 | D        | Bought 2 rations for 40 gold pieces
  5009 | D        | Bought 2 rations for 40 gold pieces
  5009 | D        | Bought 2 rations for 40 gold pieces
  5009 | D        | Bought 2 rations for 40 gold pieces
  5009 | D        | Bought 2 rations for 40 gold pieces
  5009 | D        | Bought 2 rations for 40 gold pieces
  5015 | D        | Reached skill level 1 in Evocations
  5028 | D        | Reached skill level 5 in Evocations
  5039 | D        | Arena points: 149909 (+18088) [x34]
  5056 | D        | Bought the amulet "Rafubboq" {RegenMP rPois rF+} for 964
                  | gold pieces
  5056 | D        | Bought a crystal ball of energy for 400 gold pieces
  5056 | D        | Bought a quad damage for 400 gold pieces
  5056 | D        | Bought a quad damage for 400 gold pieces
  5056 | D        | Bought a quad damage for 400 gold pieces
  5110 | D        | Round 29.
  5182 | D        | Noticed a greater mummy
  5191 | D        | Killed a greater mummy
  5212 | D        | Noticed a greater mummy
  5214 | D        | Killed a greater mummy
  5222 | D        | Noticed a greater mummy
  5227 | D        | Noticed a greater mummy
  5230 | D        | Noticed a greater mummy
  5236 | D        | Killed a greater mummy
  5238 | D        | Gained mutation: Your magical capacity is low. (-10% MP) [a
                  | neqoxec]
  5240 | D        | Gained mutation: Armour fits poorly on your strangely
                  | shaped body. [a neqoxec]
  5246 | D        | Killed a greater mummy
  5261 | D        | Killed a greater mummy
  5264 | D        | Arena points: 170209 (+20300) [x35]
  5327 | D        | Round 30.
  5330 | D        | Noticed Antaeus
  5370 | D        | Killed Antaeus
  5370 | D        | Arena points: 187969 (+17760) [x37]
  5374 | D        | Got an icy rune of Zot
  5540 | D        | Bought a Grand Grimoire for 772 gold pieces
  5582 | D        | Round 31.
  5605 | D        | Reached skill level 5 in Spellcasting
  5614 | D        | Paralysed by a floating eye for 2 turns
  5642 | D        | Reached skill level 10 in Spellcasting
  5656 | D        | Arena points: 213885 (+25916) [x38]
  5679 | D        | Bought a potion of brilliance for 28 gold pieces
  5679 | D        | Bought a potion of curing for 21 gold pieces
  5679 | D        | Bought 5 potions of berserk rage for 175 gold pieces
  5679 | D        | Bought 5 potions of berserk rage for 175 gold pieces
  5679 | D        | Bought 6 potions of magic for 336 gold pieces
  5679 | D        | Bought 6 potions of magic for 336 gold pieces
  5679 | D        | Bought 6 potions of resistance for 420 gold pieces
  5679 | D        | Bought 6 potions of resistance for 420 gold pieces
  5679 | D        | Bought 3 potions of mutation for 168 gold pieces
  5679 | D        | Bought 2 potions of mutation for 112 gold pieces
  5679 | D        | Bought a potion of mutation for 56 gold pieces
  5679 | D        | Bought 6 potions of brilliance for 168 gold pieces
  5679 | D        | Bought 6 potions of might for 168 gold pieces
  5679 | D        | Bought 6 potions of agility for 168 gold pieces
  5679 | D        | Bought 5 potions of haste for 350 gold pieces
  5679 | D        | Bought 4 potions of haste for 280 gold pieces
  5679 | D        | Bought 3 potions of haste for 210 gold pieces
  5679 | D        | Lost mutation: Your magical capacity is low. (-10% MP)
                  | [potion of mutation]
  5679 | D        | Lost mutation: You are dopey. (Int -2) [potion of mutation]
  5679 | D        | Gained mutation: You have sharp toenails. [potion of
                  | mutation]
  5679 | D        | Gained mutation: You have a pair of small horns on your
                  | head. [potion of mutation]
  5679 | D        | Gained mutation: You have razor-sharp toenails. [potion of
                  | mutation]
  5680 | D        | Lost mutation: Armour fits poorly on your strangely shaped
                  | body. [potion of mutation]
  5680 | D        | Gained mutation: Your muscles are strong. (Str +2) [potion
                  | of mutation]
  5681 | D        | Lost mutation: You are robust. (+10% HP) [potion of
                  | mutation]
  5681 | D        | Lost mutation: Your muscles are strong. (Str +2) [potion of
                  | mutation]
  5681 | D        | Lost mutation: You have razor-sharp toenails. [potion of
                  | mutation]
  5681 | D        | Gained mutation: You are clumsy. (Dex -2) [potion of
                  | mutation]
  5681 | D        | Lost mutation: You are clumsy. (Dex -2) [potion of
                  | mutation]
  5682 | D        | Lost mutation: Your body sometimes deteriorates upon taking
                  | damage. [potion of mutation]
  5682 | D        | Lost mutation: You have a pair of small horns on your head.
                  | [potion of mutation]
  5682 | D        | Lost mutation: You have sharp toenails. [potion of
                  | mutation]
  5682 | D        | Gained mutation: Your mind is acute. (Int +2) [potion of
                  | mutation]
  5682 | D        | Gained mutation: You are weak. (Str -2) [potion of
                  | mutation]
  5682 | D        | Gained mutation: You are robust. (+10% HP) [potion of
                  | mutation]
  5720 | D        | Round 32.
  5847 | D        | Arena points: 240093 (+26208) [x39]
  5859 | D        | Bought 5 scrolls of fog for 100 gold pieces
  5859 | D        | Bought 5 scrolls of blinking for 375 gold pieces
  5859 | D        | Bought 4 scrolls of blinking for 300 gold pieces
  5865 | D        | Bought 3 scrolls of silence for 225 gold pieces
  5865 | D        | Bought 5 scrolls of fog for 100 gold pieces
  5865 | D        | Bought 3 scrolls of fog for 60 gold pieces
  5865 | D        | Bought 5 scrolls of blinking for 375 gold pieces
  5865 | D        | Bought 4 scrolls of blinking for 300 gold pieces
  5865 | D        | Bought 3 scrolls of blinking for 225 gold pieces
  5896 | D        | Round 33.
  5931 | D        | Identified the +6 sword of Cerebov {flame}
  5931 | D        | Noticed Cerebov
  5966 | D        | Killed Cerebov
  5966 | D        | Arena points: 263094 (+23001) [x41]
  5967 | D        | Got a fiery rune of Zot
  5976 | D        | Learned a level 7 spell: Malign Gateway
  6192 | D        | Round 34.
  6193 | D        | Learned a level 8 spell: Summon Horrible Things
  6201 | D        | Reached skill level 15 in Spellcasting
  6201 | D        | Reached skill level 1 in Translocations
  6239 | D        | Reached skill level 5 in Summonings
  6250 | D        | Noticed Ignacio
  6254 | D        | Killed Ignacio
  6254 | D        | Reached skill level 5 in Translocations
  6297 | D        | Reached skill level 10 in Summonings
  6310 | D        | Arena points: 300222 (+37128) [x42]
  6366 | D        | Round 35.
  6469 | D        | Arena points: 330322 (+30100) [x43]
  6469 | D        | Reached skill level 10 in Translocations
  6495 | D        | Round 36.
  6500 | D        | Identified the +4 staff of Dispater
  6500 | D        | Noticed Dispater
  6527 | D        | Killed Dispater
  6527 | D        | Arena points: 359482 (+29160) [x45]
  6527 | D        | Reached skill level 27 in Fighting
  6527 | D        | Reached skill level 15 in Summonings
  6531 | D        | Got an iron rune of Zot
  6636 | D        | Bought 15 scrolls of remove curse for 450 gold pieces
  6636 | D        | Bought 4 scrolls of fog for 80 gold pieces
  6663 | D        | Bought an uncursed staff of summoning for 750 gold pieces
  6694 | D        | Bought 20 rations for 1500 gold pieces
  6694 | D        | Bought a +0 leather armour for 30 gold pieces
  6694 | D        | Bought a scroll of remove curse for 45 gold pieces
  6694 | D        | Bought a ration for 75 gold pieces
  6695 | D        | Bought 5 potions of haste for 1000 gold pieces
  6695 | D        | Bought 5 potions of haste for 1000 gold pieces
  6695 | D        | Bought 5 potions of heal wounds for 500 gold pieces
  6695 | D        | Bought 5 potions of heal wounds for 500 gold pieces
  6715 | D        | Round 37.
  6780 | D        | HP: 11/273 [Hell Sentinel/iron shot (39)]
  6813 | D        | Gained mutation: Your body sometimes deteriorates upon
                  | taking damage. [mutagenic glow]
  6822 | D        | Arena points: 405436 (+45954) [x46]
  6849 | D        | Round 38.
  6967 | D        | Lost mutation: Your mind is acute. (Int +2) [mutagenic
                  | glow]
  6988 | D        | Reached skill level 15 in Translocations
  7030 | D        | Arena points: 459016 (+53580) [x47]
  7086 | D        | Round 39.
  7087 | D        | Noticed Khufu
  7095 | D        | Killed Khufu
  7095 | D        | Arena points: 495325 (+36309) [x49]
  7095 | D        | Reached skill level 27 in Unarmed Combat
  7098 | D        | Got a golden rune of Zot
  7276 | D        | Round 40.
  7299 | D        | Gained mutation: Your body often deteriorates upon taking
                  | damage. [a cacodemon]
  7340 | D        | Arena points: 537325 (+42000) [x50]
  7357 | D        | Round 41.
  7360 | D        | Noticed a greater mummy
  7368 | D        | Killed a greater mummy
  7380 | D        | Noticed a greater mummy
  7380 | D        | Noticed a greater mummy
  7387 | D        | Noticed a greater mummy
  7387 | D        | Killed a greater mummy
  7393 | D        | Killed a greater mummy
  7398 | D        | Killed a greater mummy
  7399 | D        | Noticed a greater mummy
  7407 | D        | Killed a greater mummy
  7417 | D        | Noticed a greater mummy
  7417 | D        | Killed a greater mummy
  7420 | D        | Noticed a greater mummy
  7425 | D        | Killed a greater mummy
  7434 | D        | Noticed a greater mummy
  7437 | D        | Killed a greater mummy
  7449 | D        | Noticed a greater mummy
  7453 | D        | Killed a greater mummy
  7471 | D        | Noticed a greater mummy
  7476 | D        | Killed a greater mummy
  7478 | D        | Noticed a greater mummy
  7481 | D        | Noticed a greater mummy
  7482 | D        | Killed a greater mummy
  7482 | D        | Reached skill level 27 in Armour
  7486 | D        | Killed a greater mummy
  7487 | D        | Arena points: 579145 (+41820) [x51]
  7565 | D        | Round 42.
  7581 | D        | Noticed Master Blaster
  7584 | D        | Noticed Ceutorr the pandemonium lord
  7587 | D        | Noticed Veqaucw the pandemonium lord
  7606 | D        | Killed Master Blaster
  7606 | D        | Arena points: 623665 (+44520) [x53]
  7606 | D        | Reached skill level 27 in Summonings
  7609 | D        | Got a demonic rune of Zot
  7779 | D        | Got the Orb of Zot
  7781 | D        | Escaped with the Orb!

Levels and vault maps discovered:
D:        arena_sprint

Skill      XL: |  1  2  3  4  5  6  7  8  9 10 11 12 13 14 15 16 17 18 19 20 21 22 23 24 25 26 27 |
---------------+----------------------------------------------------------------------------------+-----
Armour         | 1 2 5 6 7 8 9 10 11 12 13 14 17 27 | 27.0
Dodging        | 3 4 6 7 8 9 11 12 13 14 15 17 25 | 25.3
Unarmed Combat | 3 4 6 7 8 9 11 12 13 14 15 16 18 27 | 27.0
Invocations    | 3 5 11 12 15 17 19 20 21 22 23 25 27 | 27.0
Fighting       | 4 7 9 12 14 15 16 17 19 27 | 27.0
Shields        | 2 7 10 11 12 13 15 16 18 26 | 26.0
Evocations     | 21 | 21.4
Spellcasting   | 26 | 26.6
Summonings     | 27 | 27.0
Translocations | 15 | 15.0
Stealth        | |  1.7

Action                   |  1- 3 |  4- 6 |  7- 9 | 10-12 | 13-15 | 16-18 | 19-21 | 22-24 | 25-27 || total
-------------------------+-------+-------+-------+-------+-------+-------+-------+-------+-------++-------
Melee: Unarmed           |    18 |     5 |    37 |    96 |       |    46 |       |       |   453 ||   655
       Punch             |       |       |     2 |       |       |       |       |       |       ||     2
 Cast: Malign Gateway    |       |       |       |       |       |       |       |       |     4 ||     4
Invok: Grow Ballistomyce |     1 |       |     2 |     2 |     2 |     6 |       |       |    29 ||    42
       Grow Oklob        |       |       |     4 |    17 |     3 |     7 |       |       |    77 ||   108
       Wall of Briars    |       |       |       |     1 |     1 |     1 |       |       |     3 ||     6
       Overgrow          |       |       |       |       |       |       |       |       |     2 ||     2
 Abil: Evoke Invisibilit |       |       |       |       |       |       |       |       |     1 ||     1
Evoke: Wand              |     2 |       |     1 |     2 |       |       |       |       |     8 ||    13
       Quad damage       |       |       |       |       |       |       |       |       |     3 ||     3
  Use: Scroll            |     1 |       |     3 |    13 |     4 |    12 |       |       |    26 ||    59
       Potion            |       |     1 |     2 |     2 |     3 |    11 |     3 |     3 |    81 ||   106
 Stab: Confused          |     2 |     1 |       |       |       |     1 |       |       |     1 ||     5
       Distracted        |       |       |       |     2 |       |     2 |       |       |    25 ||    29
       Invisible         |       |       |       |       |       |       |       |       |     1 ||     1
  Eat: Ration            |       |       |     1 |       |     1 |     1 |       |       |     8 ||    11
       Chunk             |       |       |       |     6 |       |     1 |       |       |    10 ||    17
Armor: Chain mail        |     4 |     2 |    41 |    15 |       |       |       |       |       ||    62
       Gold dragon scale |       |       |       |    11 |       |    14 |       |       |   193 ||   218
Dodge: Dodged            |     8 |       |    30 |    16 |       |    11 |       |       |   200 ||   265
Block: Large shield      |       |       |     2 |    59 |       |    57 |       |       |   416 ||   534

Table legend:
 A = Non-vault XP
 B = Vault XP
 C = Vault XP percentage of total XP
 D = Non-vault monster count
 E = Vault monster count
 F = Vault count percentage of total count
                 A         B        C        D         E       F
            +---------+---------+-------+---------+---------+-------
      Total |  676850 |       0 |   0.0 |     493 |       0 |   0.0
            +---------+---------+-------+---------+---------+-------
          D |  676850 |       0 |   0.0 |     493 |       0 |   0.0
            +---------+---------+-------+---------+---------+-------
